 Dungeon Crawl Stone Soup version 0.31-a0-819-gf6de2f5ab6 (webtiles) character file.

Game seed: 2991301593826091486

23347 D12ThenQuit the Skirmisher (level 12, 113/113 HPs)
             Began as a Demigod Hexslinger on Sept 25, 2023.
             Got out of the dungeon alive.
             The game lasted 00:37:22 (13037 turns).

D12ThenQuit the Skirmisher (Demigod Hexslinger)    Turns: 13037, Time: 00:37:23

Health: 113/113    AC:  8    Str:  5    XL:     12   Next: 38%
Magic:  16/16      EV: 13    Int: 24    God:
Gold:   847        SH:  0    Dex: 32    Spells: 3/13 levels left

rFire   . . .        J - +0 orcbow
rCold   . . .        (shield currently unavailable)
rNeg    . . .        S - +2 robe {rC+}
rPois   +            P - +1 hat {Int+3}
rElec   .            O - +1 cloak {rPois}
rCorr   .            N - +0 pair of gloves
SInv    .            (no boots)
Will    +....        u - amulet of the acrobat
Stlth   ++           m - ring of False Pretenses {rPois rC- Str-4 Int+6 Slay+3}
HPRegen 0.38/turn    d - +4 ring of slaying
MPRegen 0.15/turn

%: acrobat
@: no status effects
A: high MP 1, forlorn, divine attributes, subdued magic 1
a: no special abilities


You escaped.
You visited 1 branch of the dungeon, and saw 12 of its levels.
You also visited: Sewer.

You collected 847 gold pieces.

Inventory:

Hand Weapons
 a - a +1 sling
 g - a +0 long sword
 J - a +0 orcbow (weapon)
Missiles
 U - 3 curare-tipped darts
Armour
 c - a +0 robe
 f - a +0 kite shield
 p - a scarf of invisibility
 w - a +0 helmet
 H - +0 steam dragon scales
 N - a +0 pair of gloves (worn)
 O - a +1 cloak of poison resistance (worn)
 P - a +1 hat of intelligence (worn)
 Q - the orb "Aqotug" {light, Regen+}
   (You found it on level 9 of the Dungeon)

   Regen+:    It increases your rate of health regeneration.
 S - a +2 robe of cold resistance (worn)
Magical Staves
 k - a staff of fire
Jewellery
 d - a +4 ring of slaying (right hand)
 j - a +4 ring of protection
 m - the ring of False Pretenses (left hand) {rPois rC- Str-4 Int+6 Slay+3}
   (You acquired it on level 5 of the Dungeon)

   [ring of poison resistance]

   Str-4:     It affects your strength (-4).
   Int+6:     It affects your intelligence (+6).
   Slay+3:    It affects your accuracy & damage with ranged weapons and melee
   (+3).
   rC-:       It makes you vulnerable to cold.
   rPois:     It protects you from poison
 u - an amulet of the acrobat (around neck)
 D - a +6 ring of intelligence
Wands
 s - a wand of digging (11)
 G - a wand of flame (26)
 R - a wand of charming (6)
 X - a wand of acid (5)
Scrolls
 b - 3 scrolls of poison
 e - 3 scrolls of teleportation
 n - 3 scrolls of fear
 r - 4 scrolls of blinking
 t - a scroll of immolation
 v - a scroll of noise
 y - 2 scrolls of vulnerability
 B - 2 scrolls of enchant armour
 C - 2 scrolls of fog {unknown}
 E - 4 scrolls of revelation
 F - a scroll of torment
 K - 2 scrolls of summoning {unknown}
 T - a scroll of silence
 W - 4 scrolls of enchant weapon {unknown}
Potions
 h - a potion of lignification
 i - 2 potions of magic
 l - 6 potions of enlightenment
 o - a potion of brilliance
 q - 3 potions of curing
 x - a potion of might
 z - 2 potions of haste {unknown}
 A - 3 potions of heal wounds {unknown}
 I - 2 potions of mutation
 L - a potion of resistance
 M - a potion of cancellation {unknown}
 V - a potion of invisibility {unknown}


   Skills:
 + Level 12.8 Fighting
 + Level 14.1 Ranged Weapons
 - Level 1.7 Dodging
 - Level 1.0 Spellcasting
 - Level 3.0 Conjurations
 - Level 2.6 Hexes
 - Level 0.8 Fire Magic
 - Level 3.0 Air Magic
 - Level 3.0 Poison Magic


You had 3 spell levels left.
You knew the following spells:

 Your Spells              Type           Power      Damage    Failure   Level
a - Mephitic Cloud        Conj/Pois/Air  12%        N/A       10%         3
b - Jinxbite              Hex            20%        N/A       5%          2
c - Sigil of Binding      Hex            10%        N/A       11%         3
d - Poisonous Vapours     Pois/Air       24%        N/A       4%          2

Your spell library contained the following spells:

 Spells                   Type           Power      Damage    Failure   Level
 Magic Dart               Conj           48%        1d5       2%          1
 Searing Ray              Conj           24%        2d5       4%          2
 Ensorcelled Hibernation  Hex/Ice        10%        N/A       10%         2
 Apportation              Tloc           0%         N/A       11%         1
 Necrotise                Necr           0%         1d4       11%         1
 Summon Small Mammal      Summ           0%         N/A       11%         1
 Inner Flame              Hex/Fire       7%         N/A       16%         3
 Call Imp                 Summ           0%         N/A       17%         2
 Lesser Beckoning         Tloc           0%         N/A       17%         2
 Gell's Gravitas          Tloc           0%         N/A       32%         3
 Teleport Other           Tloc           0%         N/A       32%         3
 Vampiric Draining        Necr           0%         2d6       32%         3
 Fulminant Prism          Conj/Hex       5%         3d6       34%         4
 Cause Fear               Hex            5%         N/A       36%         4
 Anguish                  Hex/Necr       2%         N/A       54%         4
 Dimensional Bullseye     Hex/Tloc       2%         N/A       54%         4
 Freezing Cloud           Conj/Ice/Air   4%         6-21      82%         5
 Alistair's Intoxication  Tmut/Pois      4%         N/A       87%         5
 Agony                    Necr           0%         N/A       98%         5


Dungeon Overview and Level Annotations

Branches:
Dungeon (12/15)            Temple (0/1) D:4            Lair (0/5) D:8
    Orc (0/2) D:11          Sewer (visited)

Annotations:
D:4 Sigmund
D:5 Dowan, Duvessa
D:7 Maggie
D:10 1 runed translucent door, ratmeat3's ghost, novice TrFi


Innate Abilities, Weirdness & Mutations

You have an increased reservoir of magic. (+10% MP)
You shall have no god before yourself.
Your divine heritage dramatically boosts your attributes as you level up.
Your spells are a little easier to cast, but a little less powerful.


Message History

There is a stone staircase leading up here.
You climb upwards.
There is a stone staircase leading down here.
Things that are here:
a +0 buckler; a +0 ring mail; a +0 spear You see here a +0 whip.
You see here a +0 halberd.
There is a stone staircase leading up here.
You climb upwards.
Level annotation: Maggie
There is a stone staircase leading down here.
There is a stone staircase leading up, spattered with blood here.
You climb upwards.
There is a stone staircase leading down, spattered with blood here.
There is an open door here.
There is a stone staircase leading up here.
You climb upwards.
Level annotation: Dowan, Duvessa
There is a stone staircase leading down here.
There is a stone staircase leading down here.
There is a stone staircase leading up here.
You climb upwards.
Level annotation: Sigmund
There is a stone staircase leading down, spattered with blood here.
There is an open door here.
There is a stone staircase leading up here.
You climb upwards.
There is a stone staircase leading down here.
There is a stone staircase leading up here.
You climb upwards.
There is a stone staircase leading down here.
There is a stone staircase leading up here.
You climb upwards.
There is a stone staircase leading down here.
There is a stone staircase leading down here.
You see here a +0 dagger.
There is a large open door here.
There is a staircase leading out of the dungeon here.
Alright, then stay!
You have escaped!

.......)......#####.#######.# #..
###.####........# #.........# #..
###)# #........# ########### #..
...)# ######...# #.. ....##
#..################.. .....##
#..##................ ......##
#..##.########....... .......#
#..#### ########### .......#
#..#@######.~.####.## .....#.#
#..#.#~.P#.~.≈.##.~.# ....##.#
#..#~..~..~~≈≈~..~~≈. ...###.#
#..#~.~~~≈≈≈≈≈~~≈~≈~≈
#.####.######..#~~≈≈≈≈~~≈≈~~≈~≈~~
...............#≈≈≈≈≈~≈P~P~≈≈~P≈~
#.####.#######.#≈≈≈≈≈~P~PP≈≈≈~P~.
.......# ###P≈≈P~PPP~~~≈≈≈P.~
#.###### ##################


There were no monsters in sight!

Vanquished Creatures
  Gastronok (D:9)
  Snorg (D:10)
  Erica (D:9)
  3 two-headed ogres
  Urug (D:11)
  Sonja (D:11)
  Nergalle (D:10)
  Pikel (D:5)
  A deep elf pyromancer (D:12)
  3 ugly things
  A manticore (D:12)
  7 centaur zombies
  Maurice (D:10)
  3 gargoyles (D:12)
  3 centaur skeletons (D:7)
  A komodo dragon (D:9)
  Jeremiah (D:9)
  A hellwing (D:7)
  A hornet (D:9)
  A troll (D:10)
  A meliai zombie (D:12)
  5 shadows
  4 vampires
  6 wraiths
  15 yaks (D:10)
  A steam dragon (D:8)
  2 vampire mosquitoes (D:12)
  A warg (D:11)
  3 water moccasins
  An acid dragon (D:12)
  4 orc warriors
  2 sky beasts (D:6)
  2 ice beasts
  2 black bears (D:8)
  2 ogres
  3 lemures
  A phantom (D:5)
  7 centaurs
  4 kobold brigands
  6 bullfrogs
  A gnoll sergeant (D:8)
  8 killer bees
  6 howler monkeys
  3 hounds
  2 jellies
  10 orc priests
  Crazy Yiuf (D:2)
  2 sleepcaps
  8 orc wizards
  2 iguanas
  2 human simulacra (D:12)
  Robin (D:2)
  7 gnolls
  18 adders
  4 river rats (Sewer)
  5 shadow imps
  4 white imps
  An ufetubus (D:6)
  3 worms
  3 dart slugs
  23 orcs
  7 ball pythons
  15 bats
  6 endoplasms
  7 giant cockroaches
  13 goblins
  10 hobgoblins
  7 jackals
  26 kobolds
  8 quokkas
  2 frilled lizards
  7 rats
328 creatures vanquished.

Notes
Turn   | Place    | Note
-------+----------+-------------------------------------------
     0 | D:1      | D12ThenQuit the Demigod Hexslinger began the quest for the
                  | Orb.
     0 | D:1      | Reached XP level 1. HP: 15/15 MP: 4/4
    70 | D:1      | Reached skill level 2 in Ranged Weapons
   164 | D:1      | Reached XP level 2. HP: 15/22 MP: 5/5
   363 | D:1      | Reached skill level 3 in Ranged Weapons
   432 | D:1      | Learned a level 2 spell: Jinxbite
   828 | D:2      | Reached XP level 3. HP: 12/27 MP: 6/6
  1108 | D:2      | Noticed Robin
  1125 | D:2      | Killed Robin
  1126 | D:2      | Reached skill level 4 in Ranged Weapons
  1134 | D:2      | Reached XP level 4. HP: 34/34 MP: 6/8
  1303 | D:2      | Found a runed translucent door.
  1304 | D:2      | Noticed Crazy Yiuf
  1826 | D:3      | Reached skill level 5 in Ranged Weapons
  1826 | D:3      | Reached XP level 5. HP: 25/39 MP: 9/9
  2760 | D:4      | Noticed an ogre
  2778 | D:4      | Killed an ogre
  2779 | D:4      | Reached skill level 6 in Ranged Weapons
  2779 | D:4      | Reached XP level 6. HP: 46/46 MP: 7/10
  2957 | D:4      | Noticed Sigmund
  2996 | D:5      | Entered Level 5 of the Dungeon
  3241 | D:5      | Noticed Pikel
  3303 | D:4      | Gained mutation: Your body sometimes deteriorates upon
                  | taking damage. [potion of mutation]
  3407 | D:4      | Lost mutation: Your body sometimes deteriorates upon taking
                  | damage. [potion of mutation]
  3407 | D:4      | Gained mutation: Your spells are a little easier to cast,
                  | but a little less powerful. [potion of mutation]
  3462 | D:5      | Learned a level 3 spell: Mephitic Cloud
  3508 | D:5      | Reached skill level 1 in Conjurations
  3508 | D:5      | Reached skill level 1 in Air Magic
  3508 | D:5      | Reached skill level 1 in Poison Magic
  3512 | D:5      | Identified a scroll of acquirement
  3537 | D:5      | Acquired the ring of False Pretenses {rPois rC- Str-4 Int+6
                  | Slay+3}
  3694 | D:5      | Reached XP level 7. HP: 44/51 MP: 11/11
  3935 | D:5      | Noticed Dowan
  4234 | D:5      | Killed Pikel
  4235 | D:5      | Reached XP level 8. HP: 55/62 MP: 10/12
  4334 | D:5      | Noticed Duvessa
  4595 | D:6      | Reached skill level 7 in Ranged Weapons
  4756 | D:6      | Found a glowing drain.
  4819 | Sewer    | Entered a sewer
  5663 | D:6      | Reached skill level 8 in Ranged Weapons
  5922 | D:7      | Learned a level 2 spell: Poisonous Vapours
  6152 | D:7      | Reached skill level 5 in Fighting
  6380 | D:7      | Reached XP level 9. HP: 45/74 MP: 6/13
  6663 | D:7      | Learned a level 3 spell: Sigil of Binding
  6776 | D:7      | Reached skill level 9 in Ranged Weapons
  6983 | D:7      | Reached skill level 10 in Ranged Weapons
  7361 | D:8      | Reached XP level 10. HP: 52/88 MP: 4/14
  7479 | D:7      | Noticed Maggie
  7934 | D:8      | Found a staircase to the Lair.
  8157 | D:4      | Found a staircase to the Ecumenical Temple.
  8507 | D:2      | Killed Crazy Yiuf
  9072 | D:9      | Noticed Jeremiah
  9118 | D:9      | You fall into a shaft and drop 1 floor!
  9118 | D:10     | Entered Level 10 of the Dungeon
  9122 | D:10     | Noticed Nergalle
  9132 | D:10     | Noticed Snorg
  9247 | D:9      | Reached skill level 11 in Ranged Weapons
  9434 | D:9      | Killed Jeremiah
  9555 | D:9      | Noticed Erica
  9566 | D:9      | Killed Erica
  9766 | D:9      | Noticed Gastronok
  9786 | D:9      | Killed Gastronok
  9787 | D:9      | Reached XP level 11. HP: 63/99 MP: 8/15
  9919 | D:9      | Identified the orb "Aqotug" {light, Regen+}
  9964 | D:9      | Reached skill level 10 in Fighting
 10136 | D:10     | Noticed a two-headed ogre
 10139 | D:10     | Noticed Maurice
 10141 | D:10     | Killed a two-headed ogre
 10142 | D:10     | Reached skill level 12 in Ranged Weapons
 10167 | D:10     | Killed Maurice
 10237 | D:10     | Killed Snorg
 10363 | D:10     | Killed Nergalle
 10438 | D:10     | Found a runed translucent door.
 10439 | D:10     | Noticed ratmeat3's ghost (novice TrFi)
 10894 | D:11     | Noticed a two-headed ogre
 10902 | D:11     | Killed a two-headed ogre
 10903 | D:11     | Reached skill level 13 in Ranged Weapons
 10940 | D:11     | Noticed a two-headed ogre
 10954 | D:11     | Killed a two-headed ogre
 11162 | D:11     | Noticed Urug
 11170 | D:11     | Killed Urug
 11378 | D:11     | Found a staircase to the Orcish Mines.
 11397 | D:11     | Identified the +0 scale mail of Zysoh {Str+3}
 11489 | D:11     | Noticed Sonja
 11495 | D:11     | Killed Sonja
 11809 | D:12     | Reached XP level 12. HP: 95/112 MP: 16/16
 12363 | D:12     | Reached skill level 14 in Ranged Weapons
 13037 | D:$      | Got out of the dungeon alive.

Illustrated notes

Levels and vault maps discovered:
D:1:      lightli_arrival_windingriver, layout_loops_ring, dk_noncrumbling_4
D:2:      layout_rooms, shapermc_ecumenical_altar_acropolis, serial_glass,
          glass_columns_a, glass_columns_c, glass_columns_c, glass_columns_a,
          glass_columns_a, glass_columns_c, kennysheep_generic_room_14,
          uniq_robin, uniq_crazy_yiuf_cottage
D:3:      layout_basic, minmay_pentomino_pile
D:4:      layout_basic, minmay_temple_entry_offerings, minmay_ruptured,
          uniq_sigmund
D:5:      minmay_spotlight, layout_layer_cave, mainiacjoe_overflow_alcove_1,
          serial_bayou, serial_bayou_shore_a, serial_bayou_pond_a,
          serial_bayou_lagoon_a, serial_bayou_ford_a, uniq_duvessa, uniq_pikel
D:6:      layout_gridville, portal_sewer_entry_f
D:7:      cheibrodos_grave_circle, layout_basic, reono_crystal_passage,
          uniq_maggie
D:8:      layout_rooms, due_lair_maze_entry_diamond
D:9:      layout_roguey, jmf_multi_god_temple, uniq_erica, uniq_jeremiah,
          uniq_gastronok
D:10:     layout_cave_pools, gammafunk_ghost_grave, uniq_maurice, uniq_nergalle,
          uniq_snorg
D:11:     layout_irregular_city, david_orc_3, uniq_sonja, uniq_urug
D:12:     layout_irregular_city, serial_undead, serial_undead_d,
          serial_undead_b, serial_undead_b, serial_undead_f, bh_circular_ruins

Skill      XL: |  1  2  3  4  5  6  7  8  9 10 11 12 |
---------------+-------------------------------------+-----
Ranged Weapons | 2 3 4 5 6 8 10 11 13 14 | 14.1
Conjurations   | 1 3 |  3.0
Air Magic      | 1 3 |  3.0
Poison Magic   | 1 3 |  3.0
Fighting       | 2 5 7 9 11 12 | 12.8
Dodging        | |  1.7
Spellcasting   | |  1.0
Hexes          | |  2.6
Fire Magic     | |  0.8

Action                     |  1- 3 |  4- 6 |  7- 9 | 10-12 || total
---------------------------+-------+-------+-------+-------++-------
   Fire: Sling             |   128 |   231 |   312 |    48 ||   719
         Orcbow            |       |       |       |   482 ||   482
   Cast: Jinxbite          |     2 |     9 |     7 |     7 ||    25
         Poisonous Vapours |       |       |     4 |     6 ||    10
         Sigil of Binding  |       |       |     6 |     1 ||     7
         Mephitic Cloud    |       |       |     3 |    23 ||    26
  Evoke: Wand              |       |     4 |       |     2 ||     6
    Use: Potion            |     4 |     2 |       |     2 ||     8
         Scroll            |       |     6 |     3 |     8 ||    17
 Armour: Robe              |    47 |    62 |   117 |    68 ||   294
         Skin              |     2 |       |       |       ||     2
         Steam dragon scal |       |       |       |    55 ||    55
  Dodge: Dodged            |    74 |    51 |   143 |   131 ||   399

Table legend: (Time is in decaauts)
 A = Elapsed time spent in this place.
 B = Non-inter-level travel time spent in this place.
 C = Inter-level travel time spent in this place.
 D = Time resting spent in this place.
 E = Time spent auto-exploring this place.
 F = Levels seen in this place.
 G = Mean time per level.
                   A        B        C        D        E       F      G
               +--------+--------+--------+--------+--------+-----+--------+
         Total |  13233 |  12144 |   1089 |   1764 |   7034 |  13 | 1017.9 |
       Dungeon |  12573 |  11484 |   1089 |   1757 |   6508 |  12 | 1047.8 |
         Sewer |    660 |    660 |      0 |      7 |    526 |   1 |  660.0 |
               +--------+--------+--------+--------+--------+-----+--------+

Top non-repeatable levels by time:
     D:7: 1647 daAuts
     D:6: 1473 daAuts
     D:5: 1338 daAuts
     D:4: 1013 daAuts
     D:3: 985 daAuts
     D:9: 983 daAuts
    D:12: 975 daAuts
     D:2: 968 daAuts
    D:11: 933 daAuts
     D:1: 868 daAuts
    D:10: 809 daAuts
   Sewer: 660 daAuts
     D:8: 574 daAuts
